 Dungeon Crawl Stone Soup version 0.22-a0-603-gfc1114d (webtiles) character file.

325 Hebeh the Chopper (level 6, -2/55 HPs)
             Began as a Minotaur Fighter on July 7, 2018.
             Slain by Edmund
             ... wielding a +2 antimagic dire flail
              (7 damage)
             ... on level 4 of the Dungeon.
             The game lasted 00:06:40 (2486 turns).

Hebeh the Chopper (Minotaur Fighter)                Turns: 2486, Time: 00:06:41

Health: -2/55      AC:  7    Str: 22    XL:     6   Next: 24%
Magic:  0/5        EV:  7    Int:  5    God:
Gold:   189        SH: 10    Dex: 10    Spells: 5/5 levels left

rFire    . . .     SeeInvis .   a - +0 war axe
rCold    . . .     Gourm    .   c - +0 shield
rNeg     . . .     Faith    .   q - +0 scale mail
rPois    .         Spirit   .   (helmet restricted)
rElec    .         Reflect  .   (no cloak)
rCorr    .         Harm     .   (no gloves)
MR       .....                  (no boots)
Stlth    ..........             (no amulet)
HPRegen  0.18/turn              (no ring)
MPRegen  0.09/turn              (no ring)

@: no status effects
A: retaliatory headbutt, horns 2
a: no special abilities


You were on level 4 of the Dungeon.
You were not hungry.

You visited 1 branch of the dungeon, and saw 4 of its levels.

You collected 189 gold pieces.

Inventory:

Hand Weapons
 a - a +0 war axe (weapon)
 b - a +0 hunting sling
Missiles
 l - 152 stones (quivered)
 r - 10 sling bullets
Armour
 c - a +0 shield (worn)
 q - a +0 scale mail (worn)
Scrolls
 e - 2 scrolls of remove curse
 h - 3 scrolls of teleportation {unknown}
 j - 3 scrolls of immolation {unknown}
 k - 2 scrolls of amnesia {unknown}
 m - a scroll of magic mapping {unknown}
 n - 4 scrolls of identify {unknown}
 p - a scroll of fog {unknown}
 s - a scroll of enchant weapon {unknown}
 t - a scroll of fear {unknown}
Potions
 d - a potion of might
 i - 5 potions of curing
 o - a potion of heal wounds {unknown}
Comestibles
 f - 8 rations
 g - 17 chunks of flesh


   Skills:
 + Level 4.9 Fighting
 * Level 5.3 Axes
 + Level 5.0 Armour
 + Level 5.0 Shields


You had 5 spell levels left.
You didn't know any spells.
Your spell library was empty.

Dungeon Overview and Level Annotations

Branches:
Dungeon (4/15)
 Temple: D:4-7

Altars:
Ashenzari
Hepliaklqana
Makhleb
Ru
Xom
Zin

Annotations:
D:4 Edmund


Innate Abilities, Weirdness & Mutations

You reflexively headbutt those who attack you in melee.
You have a pair of horns on your head.


Message History

* * * LOW HITPOINT WARNING * * *
You are too injured to fight recklessly!
You are too injured to fight recklessly!
You are too injured to fight recklessly!
You barely miss Edmund.
Edmund is lightly wounded.
Edmund hits you with an antimagic dire flail.
* * * LOW HITPOINT WARNING * * *
You hit Edmund but do no damage.
Edmund is lightly wounded.
Edmund zaps a wand.
The puff of flame hits you!
* * * LOW HITPOINT WARNING * * *
You slash Edmund! Your headbutt misses Edmund.
Edmund is moderately wounded.
You block Edmund's attack.
You hit Edmund. Your headbutt misses Edmund.
Edmund is heavily wounded.
Edmund drinks a potion.
Edmund is healed!
Edmund hits you with an antimagic dire flail!
You die...

....... #........
......
#........#......
#........#......
#........#......
#........#....#
##+##........#....##
#.@@'........#......
#...#........'......
#...#........#......
######........#......
#.............#......
#.............#......
#.............#......
#.............#....##
#.............#....##


You could see Edmund.

Vanquished Creatures
  An ogre (D:3)
  A centaur (D:3)
  An orc wizard (D:3)
  Robin (D:4)
  4 adders
  An ooze (D:3)
  An adder skeleton (D:3)
  3 worms
  2 dart slugs (D:3)
  A leopard gecko (D:4)
  4 orcs (D:3)
  A giant cockroach (D:2)
  13 goblins
  9 hobgoblins
  2 jackals (D:2)
  A quokka (D:2)
  8 bats
  4 frilled lizards
  9 kobolds
  7 rats
74 creatures vanquished.

Notes
Turn   | Place    | Note
-------+----------+-------------------------------------------
     0 | D:1      | Hebeh the Minotaur Fighter began the quest for the Orb.
     0 | D:1      | Reached XP level 1. HP: 19/19 MP: 0/0
   268 | D:1      | Reached XP level 2. HP: 27/27 MP: 1/1
   826 | D:2      | Reached XP level 3. HP: 33/33 MP: 2/2
  1312 | D:3      | Noticed an ogre
  1318 | D:3      | Killed an ogre
  1318 | D:3      | Reached XP level 4. HP: 24/41 MP: 3/3
  1318 | D:3      | Reached XP level 5. HP: 28/47 MP: 4/4
  1737 | D:3      | Found a sacrificial altar of Ru.
  1737 | D:3      | Found a shattered altar of Ashenzari.
  1738 | D:3      | Found a shimmering altar of Xom.
  1760 | D:3      | Noticed a centaur
  1767 | D:3      | Killed a centaur
  1767 | D:3      | Reached skill level 5 in Axes
  1951 | D:3      | Reached XP level 6. HP: 41/55 MP: 5/5
  2038 | D:3      | Found a burning altar of Makhleb.
  2044 | D:3      | Found a hazy altar of Hepliaklqana.
  2045 | D:3      | Found a glowing silver altar of Zin.
  2315 | D:4      | Noticed Robin
  2320 | D:4      | Reached skill level 5 in Shields
  2326 | D:4      | Killed Robin
  2375 | D:4      | Reached skill level 5 in Armour
  2475 | D:4      | Noticed Edmund
  2486 | D:4      | Slain by Edmund

Vault maps used:
D:1:      dpeg_arrival_tiny_a
D:3:      gammafunk_temple_overflow_claw, grunt_temple_overflow_open
D:4:      uniq_edmund, uniq_grinder, uniq_robin

Skill      XL: |  1  2  3  4  5  6 |
---------------+-------------------+-----
Axes           | 3 4 5 |  5.3
Armour         | 4 5 |  5.0
Fighting       | 4 |  4.9
Shields        | 4 5 |  5.0

Action                   |  1- 3 |  4- 6 || total
-------------------------+-------+-------++-------
Melee: War axe           |    90 |    75 ||   165
       Headbutt          |    10 |    11 ||    21
 Fire: Hunting sling     |       |    16 ||    16
  Use: Scroll            |     1 |       ||     1
  Eat: Chunk             |     1 |     4 ||     5
Armor: Scale mail        |    52 |    36 ||    88
Dodge: Dodged            |    28 |    21 ||    49
Block: Shield            |    65 |    43 ||   108

Table legend:
 A = Spawn XP
 B = Non-spawn XP
 C = Spawn XP percentage of total XP
 D = Spawn monster count
 E = Non-spawn monster count
 F = Spawn count percentage of total count
 G = Total turns spent on level
                    A         B        C        D         E        F      G
               +---------+---------+-------+---------+---------+-------+---------
         Total |       0 |     465 |   0.0 |       0 |      74 |   0.0 |  2486
               +---------+---------+-------+---------+---------+-------+---------
           D:1 |       0 |      16 |   0.0 |       0 |      12 |   0.0 |   622
           D:2 |       0 |      52 |   0.0 |       0 |      21 |   0.0 |   816
           D:3 |       0 |     356 |   0.0 |       0 |      27 |   0.0 |   742
           D:4 |       0 |      41 |   0.0 |       0 |      14 |   0.0 |   306
               +---------+---------+-------+---------+---------+-------+---------
